 Dungeon Crawl Stone Soup version 0.24-a0-368-g0e0cebd0f3 (webtiles) character file.

Game seed: 721487468971824632

403 Goblin1989 the Chopper (level 6, 0/53 HPs)
             Began as a Gnoll Berserker on May 28, 2019.
             Was a Follower of Trog.
             Slain by a worker ant (7 damage)
             ... on level 5 of the Dungeon.
             The game lasted 00:06:49 (4145 turns).

Goblin1989 the Chopper (Gnoll Berserker)            Turns: 4145, Time: 00:06:50

Health: 0/53       AC:  7    Str: 21    XL:     6   Next: 86%
Magic:  9/9        EV:  9    Int:  9    God:    Trog [*.....]
Gold:   143        SH: 12    Dex: 15    Spells: 9/9 levels left

rFire    . . .     SeeInvis .   a - +0 hand axe
rCold    . . .     Gourm    .   n - -1 large shield (curse)
rNeg     . . .     Faith    .   k - +0 ring mail
rPois    .         Spirit   .   (no helmet)
rElec    .         Reflect  .   (no cloak)
rCorr    .         Harm     .   v - +0 pair of gloves
MR       ++...                  (no boots)
Stlth    +.........             (no amulet)
HPRegen  1.17/turn              (no ring)
MPRegen  0.11/turn              (no ring)

@: regenerating
A: distributed training, fangs 1, strong nose
a: Berserk, Renounce Religion


You were on level 5 of the Dungeon.
You worshipped Trog.
Trog was aware of your devotion.
You were very hungry.

You visited 1 branch of the dungeon, and saw 5 of its levels.

You collected 143 gold pieces.

Inventory:

Hand Weapons
 a - a +0 hand axe (weapon)
 x - a +0 hunting sling
 y - a +1 mace of protection
Missiles
 l - 68 stones (quivered) {@Q3}
 p - 4 poisoned darts
 r - 21 bolts
 A - 35 sling bullets
 D - 5 boomerangs
Armour
 k - a +0 ring mail (worn)
 n - a cursed -1 large shield (worn)
 v - a +0 pair of gloves (worn)
 C - a +0 scale mail
Jewellery
 G - an uncursed ring of ice {unknown}
Wands
 z - a wand of random effects (27)
Scrolls
 g - a scroll of enchant armour {unknown}
 h - 3 scrolls of identify {unknown}
 i - a scroll of enchant weapon {unknown}
 j - a scroll of immolation {unknown}
 q - a scroll of remove curse {unknown}
 t - a scroll of fog {unknown}
 w - 2 scrolls of teleportation {unknown}
 M - a scroll of magic mapping
Potions
 m - 4 potions of curing {unknown}
 s - a potion of cancellation {unknown}
 B - 2 potions of berserk rage {unknown}
 F - a potion of heal wounds {@q2}
 I - a potion of might {unknown}
 J - 2 potions of brilliance {unknown}
Comestibles
 e - 9 rations
 N - 4 chunks of flesh


   Skills:
 + Level 6.9 Fighting
 + Level 2.1 Short Blades
 + Level 2.1 Long Blades
 + Level 6.9 Axes
 + Level 2.1 Maces & Flails
 + Level 2.1 Polearms
 + Level 2.1 Staves
 + Level 2.1 Slings
 + Level 2.1 Bows
 + Level 2.1 Crossbows
 + Level 2.1 Throwing
 + Level 5.0 Armour
 + Level 5.0 Dodging
 + Level 2.1 Stealth
 + Level 2.1 Shields
 + Level 2.1 Unarmed Combat
 + Level 2.1 Spellcasting
 + Level 1.6 Conjurations
 + Level 1.6 Hexes
 + Level 1.6 Charms
 + Level 1.6 Summonings
 + Level 1.6 Necromancy
 + Level 1.6 Translocations
 + Level 1.6 Transmutations
 + Level 1.6 Fire Magic
 + Level 1.6 Ice Magic
 + Level 1.6 Air Magic
 + Level 1.6 Earth Magic
 + Level 1.6 Poison Magic
 + Level 2.3 Invocations
 + Level 2.1 Evocations


You had 9 spell levels left.
You didn't know any spells.
Your spell library contained the following spells:

 Spells                   Type           Power        Failure   Level  Hunger
 Corona                   Hex            #......      99%         1    ##.....
 Ensorcelled Hibernation  Hex/Ice        #.....       100%        2    ###....
 Confuse                  Hex            #.......     100%        3    ####...
 Dazzling Spray           Conj/Hex       #.....       100%        3    ####...
 Tukima's Dance           Hex            #.......     100%        3    ####...


Dungeon Overview and Level Annotations

Branches:
Dungeon (5/15)             Temple (0/1) D:5

Altars:
Fedhas
Hepliaklqana
Kikubaaqudgha
Uskayaw
Wu Jian
Xom
The Shining One


Innate Abilities, Weirdness & Mutations

Your experience applies equally to all skills.
You have very sharp teeth.
Your uncanny sense of smell can sniff out nearby items.


Message History

You hit the orc but do no damage. You block the orc's attack.
You hit the orc.
The orc is severely wounded.
You block the orc's attack.
You hit the orc.
You kill the orc!
Trog accepts your kill.
Found a staircase to the Ecumenical Temple.
Things that are here:
a +0 club; a +0 leather armour; an orc corpse Unknown command.
You now have 143 gold pieces (gained 7).
J - 2 ruby potions
As you read the scroll labeled BIYDYE TEMOKLU, it crumbles to dust.
You feel aware of your surroundings.
You sensed 1 altar, and 1 shop/portal.
It was a scroll of magic mapping.
M - a scroll of magic mapping All of the chunks of flesh in your inventory have rotted away.
You butcher the orc corpse.
N - 4 chunks of flesh
Things that are here:
a +0 club; a +0 leather armour; an orc skeleton You hear the slow rusting of a very distant drain.
Things that are here:
a +0 club; a +0 leather armour; an orc skeleton Something hits you.
Deactivating autopickup; reactivate with Ctrl-A.
You take 2 damage, and have 51/53 hp.
Unknown command.
Something hits you.
You take 3 damage, and have 48/53 hp.
You don't know any spells.
You don't know any spells.
You don't know any spells.
Something hits you.
You take 2 damage, and have 46/53 hp.
Something hits you!
You take 7 damage, and have 39/53 hp.
You block something's attack. Something hits you.
Found a stone staircase leading up.
You take 2 damage, and have 38/53 hp.
Something hits you.
You take 5 damage, and have 33/53 hp.
Something hits you but does no damage. Something hits you!
You take 9 damage, and have 24/53 hp.
Something hits you but does no damage.
An iguana comes into view.
Something hits you but does no damage. Something hits you.
* * * LOW HITPOINT WARNING * * *
You take 4 damage, and have 21/53 hp.
Something hits you.
* * * LOW HITPOINT WARNING * * *
You take 5 damage, and have 16/53 hp.
Something hits you.
* * * LOW HITPOINT WARNING * * *
You take 1 damage, and have 15/53 hp.
The iguana hisses angrily.
Something hits you but does no damage.
You don't know any spells.
Unknown command.
Your skin crawls.
You feel resistant to hostile enchantments.
You are feeling hungry.
Something hits you but does no damage. The iguana bites you.
* * * LOW HITPOINT WARNING * * *
You take 3 damage, and have 12/53 hp.
You block something's attack. Something hits you.
* * * LOW HITPOINT WARNING * * *
The iguana bites you.
* * * LOW HITPOINT WARNING * * *
You take 2 damage, and have 10/53 hp.
Something hits you.
* * * LOW HITPOINT WARNING * * *
You block the iguana's attack.
You take 5 damage, and have 5/53 hp.
Something hits you but does no damage. Something hits you.
* * * LOW HITPOINT WARNING * * *
You take 1 damage, and have 5/53 hp.
You hit the iguana but do no damage. The iguana barely misses you.
You regained 2 hp, and now have 9/53 hp.
An adder comes into view.
A worker ant comes into view.
You feel the effects of Trog's Hand fading.
You regained 2 hp, and now have 15/53 hp.
The adder hisses angrily.
Something hits you.
* * * LOW HITPOINT WARNING * * *
You take 3 damage, and have 13/53 hp.
Your skin crawls.
You feel resistant to hostile enchantments.
You are feeling very hungry.
You can no longer call upon Trog for regeneration and magic resistance.
Something hits you!
* * * LOW HITPOINT WARNING * * *
You block the adder's attack.
You take 7 damage, and have 6/53 hp.
You block something's attack. The worker ant bites you!
You die...

···▓▓ ▓▓·.....█...█ █.██.....█▓
····▓▓▓▓·..........█ █.██.....█
·········..........████.██.....█
·········.......██......██....$█
▓········..██..!.....█...█.....█
▓········..█.........█...█.....█
·········............█...█·····▓
·····▓···.......al...█...█··∆∆·▓▓
····▓▓▓··.......@S...█...█·····▓▓
·······▓▓.........(..█...█▓▓▓▓▓▓▓
·······▓▓............█...█▓▓▓▓▓▓▓
·······▓▓............█···········
·······▓▓............█▓▓·········
·······▓▓..$.........█ ▓·········
▓▓▓▓▓▓▓▓▓............█ ▓·········
▓███████.█████ ▓········· ▓·▓▓▓
▓·········


You could see an iguana, a worker ant and an adder.

Vanquished Creatures
  A black bear (D:4)
  An orc priest (D:4)
  An iguana (D:4)
  Natasha (thrice) (D:3)
  3 worker ants (D:4)
  A hound skeleton (D:4)
  4 adders
  2 oozes (D:1)
  A worm (D:4)
  A dart slug (D:3)
  4 leopard geckos
  6 orcs
  2 ball pythons (D:1)
  2 bats (D:1)
  A giant cockroach (D:1)
  8 goblins
  2 hobgoblins
  3 jackals (D:2)
  3 frilled lizards
  5 kobolds
  3 rats
57 creatures vanquished.

Notes
Turn   | Place    | Note
-------+----------+-------------------------------------------
     0 | D:1      | Goblin1989 the Gnoll Berserker began the quest for the Orb.
     0 | D:1      | Reached XP level 1. HP: 23/23 MP: 1/1
    46 | D:1      | Reached XP level 2. HP: 28/29 MP: 2/2
   461 | D:1      | Reached XP level 3. HP: 34/35 MP: 3/3
   760 | D:2      | Found a blossoming altar of Fedhas.
   824 | D:2      | Reached skill level 1 in Invocations
   868 | D:2      | Reached ** piety under Trog
   964 | D:2      | Found a hazy altar of Hepliaklqana.
  1056 | D:2      | Found a hide-covered altar of Uskayaw.
  1056 | D:2      | Found an ancient bone altar of Kikubaaqudgha.
  1113 | D:2      | Reached skill level 1 in Short Blades
  1113 | D:2      | Reached skill level 1 in Long Blades
  1113 | D:2      | Reached skill level 1 in Maces & Flails
  1113 | D:2      | Reached skill level 1 in Polearms
  1113 | D:2      | Reached skill level 1 in Staves
  1113 | D:2      | Reached skill level 1 in Slings
  1113 | D:2      | Reached skill level 1 in Bows
  1113 | D:2      | Reached skill level 1 in Crossbows
  1113 | D:2      | Reached skill level 1 in Throwing
  1113 | D:2      | Reached skill level 1 in Stealth
  1113 | D:2      | Reached skill level 1 in Shields
  1113 | D:2      | Reached skill level 1 in Unarmed Combat
  1113 | D:2      | Reached skill level 1 in Spellcasting
  1113 | D:2      | Reached skill level 1 in Evocations
  1113 | D:2      | Reached XP level 4. HP: 38/41 MP: 5/5
  1939 | D:3      | Noticed Natasha
  1941 | D:3      | Killed Natasha
  1946 | D:3      | Found a shimmering altar of Xom.
  1952 | D:3      | Reached skill level 1 in Conjurations
  1952 | D:3      | Reached skill level 1 in Hexes
  1952 | D:3      | Reached skill level 1 in Charms
  1952 | D:3      | Reached skill level 1 in Summonings
  1952 | D:3      | Reached skill level 1 in Necromancy
  1952 | D:3      | Reached skill level 1 in Translocations
  1952 | D:3      | Reached skill level 1 in Transmutations
  1952 | D:3      | Reached skill level 1 in Fire Magic
  1952 | D:3      | Reached skill level 1 in Ice Magic
  1952 | D:3      | Reached skill level 1 in Air Magic
  1952 | D:3      | Reached skill level 1 in Earth Magic
  1952 | D:3      | Reached skill level 1 in Poison Magic
  2139 | D:3      | Noticed Natasha
  2155 | D:3      | Killed Natasha
  2155 | D:3      | Reached XP level 5. HP: 47/47 MP: 6/6
  2391 | D:3      | Noticed Natasha
  2414 | D:3      | Killed Natasha
  2849 | D:4      | Found an ornate altar of the Wu Jian Council.
  2977 | D:4      | Noticed a black bear
  2989 | D:4      | Killed a black bear
  2989 | D:4      | Reached XP level 6. HP: 53/53 MP: 8/8
  3094 | D:4      | Reached skill level 5 in Armour
  3094 | D:4      | Reached skill level 5 in Dodging
  3944 | D:4      | Found a glowing golden altar of the Shining One.
  4057 | D:4      | Upgraded the game from 0.24-a0-365-ga4d96b6e6e to
                  | 0.24-a0-368-g0e0cebd0f3
  4063 | D:5      | Entered Level 5 of the Dungeon
  4097 | D:5      | Found a staircase to the Ecumenical Temple.
  4145 | D:5      | Slain by a worker ant

Levels and vault maps discovered:
D:1:      elethiomel_arrival_infinity_welcomes_careful_drivers, layout_basic,
          hangedman_glass_teeth
D:2:      layout_basic, old_standard_altar,
          chequers_temple_overflow_statue_of_worship, first_ration,
          fedhas_altar_3
D:3:      layout_basic, overflow_temple_1_default, uniq_natasha
D:4:      layout_basic, nicolae_overflow_crystal_walls,
          lemuel_coloured_pillars_altar
D:5:      layout_basic, nicolae_qazlal_eye_of_the_storm,
          minmay_temple_entry_trees, portal_sewer_entry_c,
          kennysheep_decorative_pillar

Skill      XL: |  1  2  3  4  5  6 |
---------------+-------------------+-----
Invocations    | 1 2 |  2.3
Short Blades   | 1 2 |  2.1
Long Blades    | 1 2 |  2.1
Maces & Flails | 1 2 |  2.1
Polearms       | 1 2 |  2.1
Staves         | 1 2 |  2.1
Slings         | 1 2 |  2.1
Bows           | 1 2 |  2.1
Crossbows      | 1 2 |  2.1
Throwing       | 1 2 |  2.1
Stealth        | 1 2 |  2.1
Shields        | 1 2 |  2.1
Unarmed Combat | 1 2 |  2.1
Spellcasting   | 1 2 |  2.1
Evocations     | 1 2 |  2.1
Conjurations   | 1 |  1.6
Hexes          | 1 |  1.6
Charms         | 1 |  1.6
Summonings     | 1 |  1.6
Necromancy     | 1 |  1.6
Translocations | 1 |  1.6
Transmutations | 1 |  1.6
Fire Magic     | 1 |  1.6
Ice Magic      | 1 |  1.6
Air Magic      | 1 |  1.6
Earth Magic    | 1 |  1.6
Poison Magic   | 1 |  1.6
Armour         | 5 |  5.0
Dodging        | 5 |  5.0
Fighting       | |  6.9
Axes           | |  6.9

Action                   |  1- 3 |  4- 6 || total
-------------------------+-------+-------++-------
Melee: Hand axe          |    70 |   128 ||   198
       Bite              |    10 |    25 ||    35
Invok: Berserk           |       |     4 ||     4
       Trog's Hand       |       |     2 ||     2
  Use: Scroll            |       |     1 ||     1
 Stab: Sleeping          |     1 |     1 ||     2
  Eat: Chunk             |       |    10 ||    10
       Ration            |       |     1 ||     1
Armor: Animal skin       |     2 |       ||     2
       Ring mail         |    13 |    35 ||    48
Dodge: Dodged            |    43 |    31 ||    74
Block: Large shield      |    14 |    86 ||   100

Table legend:
 A = Non-vault XP
 B = Vault XP
 C = Vault XP percentage of total XP
 D = Non-vault monster count
 E = Vault monster count
 F = Vault count percentage of total count
                 A         B        C        D         E       F
            +---------+---------+-------+---------+---------+-------
      Total |     541 |      35 |   6.1 |      56 |       1 |   1.8
            +---------+---------+-------+---------+---------+-------
        D:1 |      45 |       0 |   0.0 |      20 |       0 |   0.0
        D:2 |      44 |       0 |   0.0 |      11 |       0 |   0.0
        D:3 |      81 |      35 |  30.2 |       7 |       1 |  12.5
        D:4 |     368 |       0 |   0.0 |      17 |       0 |   0.0
        D:5 |       3 |       0 |   0.0 |       1 |       0 |   0.0
            +---------+---------+-------+---------+---------+-------

Levels and vault maps discovered:
D:1:      elethiomel_arrival_infinity_welcomes_careful_drivers, layout_basic,
          hangedman_glass_teeth
D:2:      layout_basic, old_standard_altar,
          chequers_temple_overflow_statue_of_worship, first_ration,
          fedhas_altar_3
D:3:      layout_basic, overflow_temple_1_default, uniq_natasha
D:4:      layout_basic, nicolae_overflow_crystal_walls,
          lemuel_coloured_pillars_altar
D:5:      layout_basic, nicolae_qazlal_eye_of_the_storm,
          minmay_temple_entry_trees, portal_sewer_entry_c,
          kennysheep_decorative_pillar
